 Dungeon Crawl Stone Soup version 0.25-a0-719-gde951dce62 (webtiles) character file.

Game seed: 2281513537497011663, levelgen mode: deterministic

39 Amnesiac the Magician (level 3, -9/19 HPs)
             Began as a Deep Elf Wizard on Apr 7, 2020.
             Killed by divine providence
             ... invoked by an orc priest
              (17 damage)
             ... on level 3 of the Dungeon.
             The game lasted 00:01:50 (638 turns).

Amnesiac the Magician (Deep Elf Wizard)              Turns: 638, Time: 00:01:51

Health: -9/19      AC:  2    Str:  4    XL:     3   Next: 26%
Magic:  10/12      EV: 13    Int: 23    God:
Gold:   41         SH:  0    Dex: 13    Spells: 2/13 levels left

rFire    . . .     SeeInvis .   (no weapon)
rCold    . . .     Gourm    .   (no shield)
rNeg     . . .     Faith    .   a - +0 robe
rPois    .         Spirit   .   (no helmet)
rElec    .         Reflect  .   (no cloak)
rCorr    .         Harm     .   (no gloves)
MR       .....                  (no boots)
Stlth    ++........             (no amulet)
HPRegen  0.06/turn              (no ring)
MPRegen  0.13/turn              (no ring)

@: no status effects
A: no striking features
a: no special abilities


You were on level 3 of the Dungeon.
You were not hungry.

You visited 1 branch of the dungeon, and saw 3 of its levels.

You collected 41 gold pieces.

Inventory:

Missiles
 f - 13 poisoned darts (quivered)
 j - a stone
Armour
 a - a +0 robe (worn)
 h - a +0 pair of boots
Scrolls
 b - a scroll of magic mapping {!r, unknown}
 e - a scroll of fog {!r, unknown}
 g - a scroll of identify {!r, unknown}
 i - a scroll of amnesia {!r, unknown}
Potions
 c - a potion of flight {!q, unknown}
Comestibles
 d - 3 rations
 k - 3 chunks of flesh


   Skills:
 + Level 3.2 Dodging
 - Level 2.4 Stealth
 * Level 5.6 Spellcasting
 - Level 1.1 Conjurations
 - Level 1.1 Summonings
 - Level 1.1 Translocations


You had 2 spell levels left.
You knew the following spells:

 Your Spells              Type           Power        Failure   Level  Hunger
a - Magic Dart            Conj           ##..         5%          1    None
b - Call Imp              Summ           ##......     9%          2    None
e - Mephitic Cloud        Conj/Pois/Air  #.......     22%         3    #......
s - Conjure Flame         Conj/Fire      #.......     22%         3    #......
v - Blink                 Tloc           N/A          9%          2    None

Your spell library contained the following spells:

 Spells                   Type           Power        Failure   Level  Hunger
 Slow                     Hex            #.......     14%         2    None


Dungeon Overview and Level Annotations

Branches:
Dungeon (3/15)

Altars:


Message History

You see here a stone.
Casting: Magic Dart (safe; 5% risk of failure)
Confirm with . or Enter, or press ? or * to list all spells.
Aiming: Magic Dart (safe; 5% risk of failure)
Press: ? - help, Shift-Dir - straight line, f/p - orc
Aim: an orc, wielding a +0 club and wearing a cursed +0 leather armour (lightly wounded)
The magic dart hits the orc but does no damage.
The orc is lightly wounded.
The orc hits you but does no damage.
j - a stone The orc hits you with a +0 club.
Unknown command.
You climb upwards.
There is a stone staircase leading down here.
Casting: Magic Dart (safe; 5% risk of failure)
Confirm with . or Enter, or press ? or * to list all spells.
Aiming: Magic Dart (safe; 5% risk of failure)
Press: ? - help, Shift-Dir - straight line, f - orc
Aim: an orc, wielding a +0 club and wearing a cursed +0 leather armour (lightly wounded)
You miscast Magic Dart.
The air around you crackles with energy!
The orc hits you but does no damage.
Casting: Magic Dart (safe; 5% risk of failure)
Confirm with . or Enter, or press ? or * to list all spells.
Aiming: Magic Dart (safe; 5% risk of failure)
Press: ? - help, Shift-Dir - straight line, f/p - orc
Aim: an orc, wielding a +0 club and wearing a cursed +0 leather armour (lightly wounded)
The magic dart hits the orc.
The orc is heavily wounded.
The orc hits you but does no damage.
Casting: Magic Dart (safe; 5% risk of failure)
Confirm with . or Enter, or press ? or * to list all spells.
Aiming: Magic Dart (safe; 5% risk of failure)
Press: ? - help, Shift-Dir - straight line, f/p - orc
Aim: an orc, wielding a +0 club and wearing a cursed +0 leather armour (heavily wounded)
The magic dart hits the orc.
You kill the orc!
Casting: Magic Dart (safe; 5% risk of failure)
Confirm with . or Enter, or press ? or * to list all spells.
You can't see any susceptible monsters within range! (Use Z to cast anyway.)
Things that are here:
a +0 club; a cursed +0 leather armour; an orc corpse You butcher the orc corpse.
k - 3 chunks of flesh
Things that are here:
a +0 club; a cursed +0 leather armour; an orc skeleton
There is a stone staircase leading down here.
You start resting.
HP restored.
You start resting.
Your magical contamination has completely faded away.
You start resting.
Magic restored.
You climb downwards.
The quokka barely misses you.
The orc priest calls down the wrath of Beogh upon you.
Beogh smites you!
Ouch! That really hurt!
* * * LOW HITPOINT WARNING * * *
The quokka closely misses you.
There is a stone staircase leading up here.
The orc priest calls down the wrath of Beogh upon you.
Beogh smites you!
Ouch! That really hurt!
You die...

######### .≈≈# #.....r@#
..≈≈#. #.....<.# ..≈≈###
#.......########..≈≈.8#
#.......o.........≈≈.##.
#.................≈≈.#g
#.........r.......≈≈.##
#.................≈≈.8#
#...(.............≈≈##
#.................≈≈#...


You could see an orc priest and a quokka.

Vanquished Creatures
  An adder (D:1)
  2 oozes
  An orc (D:2)
  A giant cockroach (D:1)
  A hobgoblin (D:1)
  A bat (D:2)
  A frilled lizard (D:2)
  2 kobolds
  A rat (D:1)
11 creatures vanquished.

Vanquished Creatures (collateral kills)
  2 adders (D:2)
2 creatures vanquished.

Grand Total: 13 creatures vanquished

Notes
Turn   | Place    | Note
-------+----------+-------------------------------------------
     0 | D:1      | Amnesiac the Deep Elf Wizard began the quest for the Orb.
     0 | D:1      | Reached XP level 1. HP: 10/10 MP: 7/7
   129 | D:1      | Reached XP level 2. HP: 10/15 MP: 0/9
   133 | D:1      | Learned a level 2 spell: Blink
   136 | D:1      | Learned a level 2 spell: Call Imp
   196 | D:1      | Reached skill level 5 in Spellcasting
   482 | D:3      | Identified a paperback manual
   484 | D:3      | Reached XP level 3. HP: 19/19 MP: 8/11
   489 | D:3      | Learned a level 3 spell: Conjure Flame
   493 | D:3      | Learned a level 3 spell: Mephitic Cloud
   638 | D:3      | Killed from afar by an orc priest

Levels and vault maps discovered:
D:1:      tarquinn_simple_flora_water_d, layout_basic
D:2:      layout_basic, nicolae_overflow_crystal_walls, first_ration,
          serial_glass, glass_columns_a, glass_columns_b, glass_columns_a,
          feat_on_display, item_on_display_a
D:3:      layout_rooms, gammafunk_ghost_gnarly_gnolls,
          chequers_ecumenical_altar_simple, minivault_23

Skill      XL: |  1  2 |
---------------+-------+-----
Spellcasting   | 5 |  5.6
Dodging        | 3 |  3.2
Stealth        | |  2.4
Conjurations   | |  1.1
Summonings     | |  1.1
Translocations | |  1.1

Action                   || total
-------------------------++-------
Throw: Dart              ||     1
 Cast: Magic Dart        ||    46
       Call Imp          ||     3
Armor: Robe              ||     2
Dodge: Dodged            ||    11

Table legend:
 A = Non-vault XP
 B = Vault XP
 C = Vault XP percentage of total XP
 D = Non-vault monster count
 E = Vault monster count
 F = Vault count percentage of total count
                 A         B        C        D         E       F
            +---------+---------+-------+---------+---------+-------
      Total |      56 |       0 |   0.0 |      13 |       0 |   0.0
            +---------+---------+-------+---------+---------+-------
        D:1 |      22 |       0 |   0.0 |       5 |       0 |   0.0
        D:2 |      32 |       0 |   0.0 |       7 |       0 |   0.0
        D:3 |       2 |       0 |   0.0 |       1 |       0 |   0.0
            +---------+---------+-------+---------+---------+-------
